Map: Hecate LE

Players

ONSYDESolar (Solar) - Winner!

  • Race: Zerg Zerg
  • League: Master
  • Spawn Location: 1:00

Creator

  • Race: Protoss Protoss
  • Spawn Location: 7:00

VOD

Have the link to the VOD?

Description

Time

  • Played on: Nov. 27, 2023, 6:27 a.m.
  • Length: 13:19
Show
View Real Time Build Order
Export as new Build Order

ONSYDESolar Zerg - Winner!

Build Orders: Hatch First 

Get SALT Encoding   

  12  0:00  Drone  
  13  0:12  Overlord  
  13  0:17  Drone  
  14  0:34  Drone x2  
  16  0:36  Drone  
  17  0:47  Drone  
  18  1:00  Hatchery  
  18  1:01  Drone  
  18  1:05  Extractor  
  17  1:16  Spawning Pool  
  16  1:19  Drone  
  16  1:23  Drone  
  18  1:28  Drone  
  19  1:39  Drone  
  20  1:51  Drone  
  21  2:00  Overlord  
  21  2:11  Zergling x2, Queen x2  
  21  2:12  Zergling x2  
  27  2:16  Metabolic Boost  
  27  2:23  Drone  
  27  2:24  Drone  
  29  2:33  Drone x2  
  31  2:42  Hatchery  
  30  2:49  Queen  
  32  2:52  Overlord  
  32  2:55  Drone  
  32  2:56  Drone  
  34  2:59  Drone  
  34  3:05  Drone  
  36  3:09  Queen  
  36  3:11  Drone  
  39  3:16  Drone x2  
  41  3:20  Drone x2  
  41  3:21  Overlord  
  43  3:28  Zergling x2  
  43  3:32  Overlord  
  44  3:39  Spore Crawler, Queen  
  44  3:40  Drone  
  46  3:43  Zergling x2  
  46  3:48  Drone  
  46  3:49  Drone  
  46  3:50  Queen  
  46  3:54  Queen  
  46  3:55  Drone  
  53  4:03  Drone x4  
  53  4:09  Evolution Chamber  
  56  4:10  Spore Crawler x2  
  56  4:11  Drone  
  56  4:15  Spore Crawler  
  56  4:16  Overlord  
  54  4:18  Drone x3  
  54  4:22  Drone x3  
  62  4:28  Overlord  
  62  4:33  Drone x4  
  62  4:36  Zergling x4  
  68  4:39  Overlord  
  68  4:40  Extractor  
  68  4:41  Drone  
  68  4:45  Zergling x2  
  69  4:49  Zergling x2  
  69  4:53  Zerg Melee Weapons Level 1  
  69  4:54  Drone x2  
  69  4:56  Zergling x2  
  69  4:58  Drone x2  
  74  5:01  Drone  
  74  5:05  Roach Warren, Zergling x2  
  74  5:06  Hatchery, Zergling x2  
  74  5:07  Extractor  
  74  5:08  Drone  
  74  5:12  Drone x3  
  78  5:14  Zergling x4  
  78  5:18  Zergling x2  
  81  5:21  Zergling x10  
  81  5:27  Lair  
  81  5:28  Overlord  
  85  5:30  Zergling x4  
  87  5:39  Zergling x6  
  86  5:42  Drone  
  86  5:44  Zergling x2  
  86  5:47  Zergling x8  
  91  5:50  Drone x2  
  91  5:51  Drone  
  91  5:53  Drone  
  95  5:59  Drone x2  
  94  6:04  Drone  
  94  6:05  Drone  
  94  6:09  Drone  
  97  6:14  Drone x2, Extractor  
  97  6:15  Extractor  
  97  6:16  Overlord x2  
  97  6:18  Drone x3  
  100  6:19  Drone x2  
  100  6:21  Drone  
  100  6:23  Extractor  
  102  6:29  Drone x2  
  102  6:31  Overlord  
  104  6:34  Overlord, Spire  
  104  6:35  Drone x3  
  104  6:36  Overseer  
  104  6:37  Drone  
  107  6:40  Drone x2, Glial Reconstitution  
  107  6:44  Roach x3  
  107  6:46  Drone  
  115  6:47  Drone  
  115  6:48  Drone, Extractor  
  115  6:52  Overlord  
  116  6:54  Drone x2  
  116  6:55  Overseer  
  116  6:58  Roach  
  116  7:00  Overlord  
  120  7:01  Drone x2  
  120  7:03  Baneling Nest  
  120  7:04  Drone x3  
  120  7:05  Overlord  
  124  7:09  Overlord  
  124  7:11  Roach x2  
  124  7:12  Roach x3  
  124  7:13  Roach  
  137  7:17  Zerg Melee Weapons Level 2  
  137  7:22  Overlord  
  137  7:23  Drone x2  
  137  7:26  Overlord  
  139  7:34  Roach x2  
  139  7:36  Overlord  
  143  7:38  Overlord  
  143  7:40  Roach x2  
  143  7:42  Hatchery  
  143  7:43  Roach x2  
  150  7:46  Drone  
  150  7:48  Centrifugal Hooks  
  150  7:49  Roach x3  
  157  7:53  Overlord  
  157  7:54  Roach x2  
  157  7:55  Roach  
  157  7:56  Zergling x4  
  157  7:57  Zergling x2  
  165  8:01  Zergling x10  
  165  8:04  Zergling x6  
  166  8:06  Ravager  
  166  8:07  Zergling x2  
  166  8:10  Roach x4  
  174  8:13  Zergling x8  
  174  8:17  Zergling x8  
  174  8:19  Zergling x4  
  175  8:26  Zergling x4  
  175  8:29  Overlord  
  175  8:30  Zergling x6  
  175  8:31  Ravager x3  
  175  8:32  Baneling  
  175  8:33  Baneling x15  
  178  8:35  Zergling x2  
  178  8:39  Zergling x10  
  178  8:41  Ravager x2  
  185  8:42  Baneling x9  
  185  8:43  Ravager  
  185  8:46  Zergling x4  
  185  8:47  Zergling x4  
  185  8:48  Baneling x3  
  191  8:50  Baneling  
  191  8:53  Zergling x2  
  191  8:54  Zergling x6  
  192  8:59  Zergling x12  
  188  9:03  Zergling x6  
  188  9:09  Roach x3  
  189  9:10  Zergling x2  
  186  9:19  Zergling x14  
  190  9:25  Zergling x2  
  190  9:30  Hatchery  
  187  9:31  Zergling x6  
  187  9:37  Zergling x6  
  187  9:38  Zergling x4  
  195  9:42  Zergling x10  
  198  9:48  Zergling x10  
  184  9:56  Hydralisk Den  
  184  9:58  Zergling x10  
  178  10:01  Zerg Missile Weapons Level 1  
  178  10:03  Zergling x2  
  178  10:06  Ravager x10  
  183  10:08  Zergling x6  
  183  10:10  Baneling x3  
  180  10:14  Baneling x8  
  180  10:16  Zergling x6  
  180  10:20  Baneling x15  
  183  10:23  Zergling x2  
  183  10:24  Zergling x2  
  183  10:26  Drone  
  183  10:27  Grooved Spines  
  183  10:28  Zergling x6  
  189  10:29  Baneling x5  
  189  10:32  Zergling x2  
  188  10:36  Zergling x6  
  176  10:44  Hydralisk x5  
  176  10:49  Zergling x6  
  177  10:54  Baneling x7  
  178  10:57  Zergling x4  
  178  10:58  Drone x2  
  178  11:02  Zergling x14  
  188  11:06  Zergling x8  
  188  11:07  Overseer  
  188  11:11  Hydralisk x2  
  192  11:16  Zergling x4  
  192  11:18  Zergling x2  
  199  11:27  Zergling x6  
  199  11:29  Muscular Augments  
  198  11:33  Zergling x2  
  198  11:35  Hatchery, Zergling x2  
  199  11:45  Zergling x14  
  199  11:46  Zergling x6  
  197  11:48  Hydralisk  
  197  11:49  Hydralisk x5  
  197  11:51  Zergling x4  
  196  11:54  Hydralisk x3  
  196  11:59  Zergling x8  
  197  12:02  Baneling x9  
  197  12:03  Zergling x4  
  197  12:06  Zergling x6  
  197  12:07  Zergling x2  
  199  12:10  Zergling x2  
  199  12:12  Zergling x8  
  190  12:17  Zergling x10  
  190  12:20  Zergling x6  
  177  12:23  Hydralisk x2  
  177  12:26  Baneling x2  
  177  12:27  Baneling x4  
  176  12:30  Zergling x6  
  176  12:32  Ravager  
  176  12:35  Zergling x10  
  184  12:43  Hydralisk x4  
  164  12:45  Zergling x4  
  164  12:48  Hydralisk x2  
  146  12:52  Hydralisk x2  
  146  12:55  Hydralisk  
Show
View Real Time Build Order
Export as new Build Order

Creator Protoss 

Build Orders: 1 Gate Expand, Oracle Opening, Archon Immortal 

Get SALT Encoding   

  12  0:00  Probe  
  13  0:12  Probe  
  14  0:18  Pylon  
  14  0:24  Probe  
  15  0:37  Probe (Chrono Boost)  
  15  0:40  Gateway  
  16  0:46  Probe (Chrono Boost)  
  16  0:49  Assimilator  
  17  0:51  Probe (Chrono Boost)  
  18  1:03  Probe  
  19  1:15  Probe  
  20  1:27  Nexus  
  20  1:35  Cybernetics Core  
  20  1:39  Probe  
  21  1:45  Assimilator  
  21  1:52  Probe  
  22  1:55  Pylon  
  22  2:04  Probe  
  23  2:10  Adept (Chrono Boost)  
  25  2:16  Probe  
  25  2:17  Stargate  
  26  2:25  Warp Gate  
  26  2:28  Probe (Chrono Boost)  
  27  2:35  Stalker  
  29  2:39  Probe (Chrono Boost)  
  29  2:40  Probe (Chrono Boost)  
  31  2:49  Probe x2 (Chrono Boost)  
  33  2:54  Probe x2 (Chrono Boost)  
  35  3:00  Oracle (Chrono Boost)  
  38  3:06  Probe x2  
  40  3:13  Pylon  
  40  3:18  Probe x2  
  42  3:20  Gateway  
  42  3:30  Probe x2  
  44  3:42  Probe  
  44  3:43  Probe  
  44  3:46  Oracle (Chrono Boost)  
  44  3:47  Nexus  
  46  3:51  Pylon  
  50  3:55  Probe x2  
  50  4:01  Gateway  
  51  4:07  Probe x2  
  53  4:14  Adept  
  53  4:16  Oracle  
  58  4:20  Adept  
  58  4:21  Probe  
  58  4:22  Pylon, Probe  
  62  4:26  Assimilator  
  62  4:28  Pylon  
  62  4:29  Assimilator  
  62  4:35  Robotics Facility  
  62  4:40  Probe x2  
  62  4:44  Adept x2, Pylon  
  68  4:52  Probe  
  68  4:53  Probe  
  68  4:56  Adept  
  68  4:59  Probe  
  73  5:01  Shield Battery  
  73  5:05  Adept x2  
  77  5:08  Probe x2  
  77  5:11  Probe  
  80  5:14  Forge  
  80  5:20  Probe  
  80  5:21  Probe  
  82  5:23  Probe  
  82  5:25  Sentry, Twilight Council  
  82  5:26  Sentry  
  87  5:31  Warp Prism  
  87  5:46  Protoss Ground Weapons Level 1 (Chrono Boost), Probe x3  
  87  5:49  Assimilator  
  90  5:50  Assimilator  
  90  5:58  Probe x2  
  90  6:03  Charge  
  92  6:09  Stalker x2, Sentry  
  92  6:10  Observer  
  99  6:13  Probe  
  99  6:14  Probe  
  99  6:15  Pylon  
  99  6:17  Photon Cannon  
  101  6:23  Immortal  
  101  6:27  Templar Archives  
  101  6:30  Gateway, Pylon  
  101  6:31  Gateway  
  101  6:33  Gateway, Probe x2  
  101  6:34  Probe  
  101  6:38  Pylon  
  108  6:45  Probe  
  109  6:48  Phoenix (Chrono Boost), Stargate  
  109  6:49  Gateway  
  109  6:50  Zealot x2  
  109  6:52  Zealot, Pylon  
  117  7:03  Pylon  
  117  7:05  Immortal  
  117  7:06  Phoenix (Chrono Boost)  
  123  7:11  Pylon  
  123  7:18  High Templar x2  
  127  7:23  Pylon  
  127  7:29  Phoenix  
  129  7:33  Phoenix, Pylon  
  129  7:35  Archon  
  131  7:38  Nexus  
  131  7:40  Pylon  
  131  7:44  High Templar, Photon Cannon  
  133  7:46  Photon Cannon  
  133  7:47  High Templar  
  133  7:48  Probe x3  
  138  7:55  Phoenix  
  138  7:57  Photon Cannon  
  140  7:58  Shield Battery  
  134  8:06  Immortal  
  134  8:07  Robotics Facility  
  134  8:09  Zealot x3  
  134  8:11  Archon  
  144  8:16  Shield Battery  
  140  8:22  Zealot x4  
  140  8:25  Probe  
  140  8:26  Probe  
  144  8:32  Shield Battery  
  144  8:33  High Templar  
  144  8:34  Pylon, High Templar  
  148  8:40  Probe  
  148  8:41  Probe x2  
  151  8:45  Immortal (Chrono Boost)  
  155  8:53  Zealot x4  
  155  8:54  Zealot  
  165  9:01  Immortal (Chrono Boost)  
  169  9:07  High Templar  
  169  9:09  Psionic Storm  
  163  9:21  Immortal (Chrono Boost)  
  163  9:23  High Templar x2  
  161  9:24  Nexus  
  164  9:34  Immortal (Chrono Boost)  
  168  9:42  Photon Cannon  
  168  9:46  Archon  
  160  9:54  Stalker x4  
  160  9:56  Immortal (Chrono Boost)  
  172  10:06  High Templar x2  
  172  10:10  Protoss Ground Weapons Level 2 (Chrono Boost)  
  172  10:13  Nexus  
  172  10:14  Pylon  
  171  10:29  Pylon  
  171  10:30  Pylon  
  171  10:31  Gateway  
  171  10:32  Immortal (Chrono Boost)  
  171  10:33  Zealot  
  177  10:39  Archon  
  173  10:47  Probe x2  
  173  10:48  Stalker  
  148  10:57  Immortal (Chrono Boost)  
  148  10:59  High Templar x2  
  148  11:01  Probe x2  
  148  11:03  Pylon x2  
  158  11:04  Nexus  
  158  11:06  Nexus  
  158  11:13  Pylon  
  158  11:19  Probe x3  
  158  11:22  Immortal (Chrono Boost)  
  165  11:27  Stalker x2, Zealot x4  
  179  11:35  Warp Prism (Chrono Boost)  
  176  11:43  High Templar x2  
  170  11:49  High Templar  
  170  11:50  Archon, High Templar  
  170  11:51  Zealot x4  
  168  11:57  Archon, Immortal (Chrono Boost)  
  143  12:23  Archon, High Templar  
  143  12:24  High Templar  
  143  12:25  High Templar x2  
  143  12:26  Zealot x4  
  143  12:28  Archon  
  159  12:30  Archon  
  118  12:55  Zealot x6  
  118  12:56  Zealot  
Tags
 
Add a new tag
Caveats
  • Supply blocks, unpowered buildings, or Contaminate may cause inaccurate times.
  • Supply counts are checked every 10 seconds.